 Dungeon Crawl Stone Soup version 0.17.0-18-gaab0e96 (webtiles) character file.

339631 Raurakos the Devastator (level 21, -9/135 HPs)
             Began as a High Elf Conjurer on Nov 7, 2015.
             Was the Champion of Vehumet.
             Mangled by a spriggan defender
             ... wielding a +5 rapier of speed
             ... led by the Enchantress
              (22 damage)
             ... on level 15 of the Dungeon on Nov 11, 2015.
             The game lasted 08:16:17 (61237 turns).

Raurakos the Devastator (High Elf Conjurer)        Turns: 61237, Time: 08:16:17

Health: -9/135     AC: 19    Str:  9    XL:     21   Next: 5%
Magic:  43/44      EV: 19    Int: 29    God:    Vehumet [******]
Gold:   1696       SH:  0    Dex: 19    Spells: 12 memorised, 14 levels left

rFire  + + .     SeeInvis .     a - +4 lajatang (elec)
rCold  . . .     Clarity  .     y - +4 ring mail {rPois}
rNeg   + . .     SustAt   .     (shield currently unavailable)
rPois  +         Gourm    .     L - +2 hat
rElec  .         Spirit   .     i - +0 cloak
rCorr  .         Warding  .     s - +0 pair of gloves
rMut   .         Stasis   .     j - +2 pair of boots
MR     +++..                    A - amulet of regeneration
Stlth  ++........               u - ring of protection from magic
                                X - ring of the Octopus King {rN+ AC+1 EV+1 Str+1 Int+1 Dex+1}

@: regenerating, repel missiles, drained, extremely resistant to hostile
enchantments, unstealthy
A: fire resistance 2
a: Renounce Religion
}: 2/15 runes: decaying, serpentine


You were on level 15 of the Dungeon.
You worshipped Vehumet.
Vehumet was exalted by your worship.
You were not hungry.

You visited 8 branches of the dungeon, and saw 41 of its levels.
You also visited: Labyrinth, Sewer, Ossuary and Volcano.

You collected 4205 gold pieces.
You spent 2509 gold pieces at shops.

Inventory:

Hand Weapons
 a - a +4 lajatang of electrocution (weapon)
Armour
 i - a +0 cloak (worn)
 j - a +2 pair of boots (worn)
 s - a +0 pair of gloves (worn)
 y - a +4 ring mail of poison resistance (worn)
 L - a +2 hat (worn)
Jewellery
 c - the ring of the Peasants {rN+ EV+1}
   (You found it on level 2 of the Snake Pit)

   [ring of evasion]

   It affects your evasion (+1).
   It protects you from negative energy.
 e - an uncursed ring of ice
 r - an uncursed ring of fire
 u - a ring of protection from magic (right hand)
 A - an amulet of regeneration (around neck)
 I - an uncursed amulet of resist mutation
 M - an uncursed ring of sustain attributes
 X - a ring of the Octopus King (left hand) {rN+ AC+1 EV+1 Str+1 Int+1 Dex+1}
   (You found it on level 9 of the Dungeon)

   [ring of positive energy]

   It affects your AC (+1).
   It affects your evasion (+1).
   It affects your strength (+1).
   It affects your intelligence (+1).
   It affects your dexterity (+1).
   It protects you from negative energy.
Wands
 d - a wand of heal wounds (4)
 g - a wand of paralysis (14)
 h - a wand of lightning (8)
 J - a wand of teleportation (6)
 Y - a wand of hasting (4)
Scrolls
 k - a scroll of holy word
 n - a scroll of blinking
 w - 12 scrolls of teleportation
 x - 15 scrolls of remove curse
 B - 2 scrolls of fear
 E - 2 scrolls of recharging
 F - a scroll of brand weapon
 O - 7 scrolls of fog
 T - 3 scrolls of magic mapping
 U - 4 scrolls of identify
Potions
 f - 2 potions of resistance
 m - 2 potions of magic
 o - a potion of cure mutation
 p - 5 potions of brilliance
 q - 6 potions of agility
 v - 16 potions of curing
 C - 4 potions of might
 D - 2 potions of flight
 H - 2 potions of invisibility
 N - 2 potions of haste
Miscellaneous
 K - a box of beasts
 P - a lamp of fire
 R - a phial of floods
Comestibles
 b - 2 chunks of flesh
 l - 15 meat rations
 t - a beef jerky
 z - a bread ration
 G - 19 fruits


   Skills:
 - Level 9.0(8.4) Fighting
 - Level 14.0(13.3) Staves
 - Level 7.0(6.4) Armour
 - Level 12.0(11.4) Dodging
 - Level 2.1(1.7) Stealth
 + Level 18.1(17.4) Spellcasting
 - Level 19.0(18.2) Conjurations
 - Level 8.0(7.4) Charms
 - Level 5.0(4.4) Summonings
 - Level 10.0(9.4) Necromancy
 - Level 4.0(3.5) Fire Magic
 - Level 10.1(9.5) Ice Magic
 + Level 15.7(15.0) Air Magic


You had 14 spell levels left.
You knew the following spells:

 Your Spells              Type           Power        Failure   Level  Hunger
a - Magic Dart            Conj           ####         0%          1    None
b - Blink                 Tloc           N/A          10%         2    None
c - Bolt of Fire          Conj/Fire      ######....   2%          6    ##.....
d - Dazzling Spray        Conj/Hex       ######..     1%          3    None
e - Iskenderun's Battles  Conj/Chrm      #######.     1%          5    None
g - Sticky Flame          Conj/Fire      ######..     1%          4    None
h - Spellforged Servitor  Conj/Summ      ######....   11%         7    ####...
i - Freezing Cloud        Conj/Ice/Air   #######...   1%          6    ##.....
j - Apportation           Tloc           ####......   6%          1    None
k - Repel Missiles        Chrm/Air       ######       1%          2    None
r - Regeneration          Chrm/Necr      ######....   1%          3    None
s - Sublimation of Blood  Necr           ######....   1%          2    None


Dungeon Overview and Level Annotations

Branches:
Dungeon (15/15)            Temple (1/1) D:6            Lair (8/8) D:10
  Swamp (4/4) Lair:5        Snake (4/4) Lair:6          Orc (4/4) D:9
    Elf (0/3) Orc:4        Vaults (4/5) D:14          Crypt (0/3) Vaults:3
 Depths (1/5) D:15
  Slime: Lair:6-8

Altars:
Ashenzari
Cheibriados
Dithmenos
Elyvilon
Fedhas
Gozag
Kikubaaqudgha
Makhleb
Nemelex Xobeh
Okawaru
Qazlal
Ru
Sif Muna
Trog
Vehumet
Xom
Yredelemnul
Zin
The Shining One

Shops:
D:7 *   D:13 (   Orc:1 [   Orc:4 *(*:   Snake:1 %   Snake:2 [   Snake:4 [%[(
Vaults:4 (:[

Annotations:
D:13 exclusion: 4 oklob plants
Depths:1 Saint Roka, the Enchantress


Innate Abilities, Weirdness & Mutations

Your flesh is very heat resistant.


Message History

Press: ? - help, Shift-Dir - straight line, f - you You feel much better.
This wand has 0 charges left.
The orc closely misses you. The ogre completely misses you.
Casting: Regeneration
Confirm with . or Enter, or press ? or * to list all spells.
You blink.
The spriggan defender misses you.
The spriggan defender hits you with a rapier of speed!
* * * LOW HITPOINT WARNING * * *
You see here a giant club.
Items here: ))) [ ÷÷÷ The spriggan defender hits you with a rapier of speed!
* * * LOW HITPOINT WARNING * * *
Read which item? (? for menu, Esc to quit)
Charge which item? (? for menu, Esc to quit)
As you read the scroll of recharging, it crumbles to dust.
Your wand of heal wounds (0) glows for a moment and now has 4 charges.
The spriggan defender hits you with a rapier of speed!
* * * LOW HITPOINT WARNING * * *
The spriggan defender hits you with a rapier of speed!!
You die...

######.....#.....)...#....#....
#...###)####.....##...##...
#......#[.>#.....##...##...
#....#.....#.#####.........
#....#.#..[#)....#........#
#....#..#)#.#.#..#.....)..#
#....#...Oi#...#.#.........
#....#####i#.)...#.........
####.##..# #@#⌠..#.....###..#
#....##..###.####.###..####'#
##.......#.......#).....#....
#.......#..............'....
#.......#.......#......#<...
####.###..##..##.####..###.##'
#....###..##..##.####..######.
##........#......'.........##.
#........#......#....:....###


You could see 2 spriggan defenders and an ogre.

Vanquished Creatures
  Sojobo (Vaults:3)
  Boris (Vaults:4)
  Frederick (Vaults:2)
  Margery (Vaults:3)
  Norris (Vaults:3)
  Xtahua (Vaults:4)
  Rupert (Orc:4)
  2 liches
  3 thorn hunters
  Gastronok (D:10)
  4 sphinxes
  9 greater nagas
  Kirke (Lair:4)
  A storm dragon (Vaults:4)
  2 tengu reavers (Vaults:3)
  Roxanne (Swamp:4)
  Donald (Vaults:4)
  Aizul (Snake:1)
  Louise (Swamp:3)
  A fire giant (Vaults:3)
  4 stone giants
  A spriggan defender (D:15)
  14 vault wardens
  8 ironheart preservers
  A very ugly thing (Vaults:4)
  A salamander stormcaller (Vaults:2)
  3 deep elf annihilators
  Azrael (D:15)
  5 ettins
  7 vault guards
  Josephine (Lair:4)
  3 yaktaur captains
  A minotaur (Lab)
  Fannar (Lair:1)
  A fire dragon (Vaults:4)
  3 great orbs of eyes
  Harold (Lair:3)
  22 hydras
  8 naga warriors
  5 centaur warriors
  A ghost crab (shapeshifter) (Vaults:1)
  11 anacondas
  3 ghost crabs
  A tengu warrior (D:15)
  5 death yaks (Lair:7)
  5 alligators
  12 ogre magi
  A queen ant (Lair:4)
  5 shock serpents
  3 orc high priests (Orc:4)
  A spriggan berserker (Swamp:1)
  17 naga sharpshooters
  Nergalle (Lair:4)
  The ghost of Britaniac the Covered, a novice NaFi of Cheibriados (D:6)
  An iron troll (D:15)
  3 shadow wraiths
  A salamander mystic (Snake:1)
  5 hell knights (Vaults:3)
  A fire crab (Vaults:2)
  3 skeletal warriors (D:11)
  4 spriggan druids
  3 deep elf knights
  A deep elf summoner (Vaults:2)
  2 wizards
  A giant orange brain (shapeshifter) (Vaults:2)
  2 unseen horrors
  A flayed ghost (Vaults:4)
  13 swamp dragons
  8 hill giants
  12 orc knights
  A giant orange brain (Vaults:3)
  2 shambling mangroves
  4 manticores
  3 necromancers
  7 harpies
  3 naga ritualists
  4 hornets
  13 ironbrand convokers
  12 salamanders
  11 mana vipers
  5 cyclopes
  45 ugly things
  A salamander (shapeshifter) (D:14)
  A tengu skeleton (Vaults:3)
  8 orc sorcerers
  A harpy (shapeshifter) (D:12)
  A griffon (Vaults:2)
  4 wolf spiders
  13 elephants
  A guardian serpent (shapeshifter) (D:13)
  3 guardian serpents
  A fire giant skeleton (Vaults:4)
  10 vault sentinels
  A stone giant skeleton (Vaults:4)
  28 naga magi
  4 gargoyles
  28 black mambas
  2 torpor snails
  23 spiny frogs
  A yaktaur zombie (Vaults:3)
  A spiny frog (shapeshifter) (Vaults:4)
  3 efreet
  3 kobold demonologists
  38 yaktaurs
  A fire drake (Lair:1)
  A deep elf priest (Vaults:4)
  3 freezing wraiths
  2 queen bees
  A yaktaur (shapeshifter) (D:13)
  17 komodo dragons
  27 two-headed ogres
  2 polar bears
  27 blink frogs
  A tengu simulacrum (Vaults:3)
  A wind drake (shapeshifter) (Vaults:1)
  9 giant leeches
  Prince Ribbit (Lair:3)
  A jumping spider (Vaults:3)
  10 trolls
  11 bog bodies
  8 boulder beetles
  A minotaur skeleton (Lab)
  30 slime creatures
  4 trapdoor spiders
  An ettin zombie (Vaults:4)
  7 wraiths
  A centaur simulacrum (D:14)
  5 fire elementals (D:15)
  Sigmund (D:3)
  6 redbacks
  6 deep elf magi
  6 shadows
  13 hippogriffs
  7 hungry ghosts
  A hog (shapeshifter) (Vaults:1)
  A hog (Lair:5)
  4 basilisks
  16 deep elf fighters
  10 spriggans
  46 yaks
  17 wolves
  5 mottled dragons
  A warg (shapeshifter) (Vaults:4)
  47 nagas
  36 vampire mosquitoes
  10 insubstantial wisps (Swamp:2)
  A redback simulacrum (D:13)
  5 soldier ants (Lair:4)
  21 swamp worms
  17 water moccasins
  3 wargs
  3 black bears
  12 porcupines
  5 sky beasts
  A spider (shapeshifter) (Vaults:2)
  30 orc warriors
  13 swamp drakes
  Purgy (Sewer)
  2 hell hounds
  4 ice beasts
  A black bear (shapeshifter) (D:14)
  13 wasps
  An eye of draining (shapeshifter) (Vaults:3)
  56 ogres
  3 boggarts (Vaults:1)
  6 phantoms
  14 crocodiles
  A human zombie (Vaults:4)
  3 eyes of draining
  6 big kobolds
  19 centaurs
  A gnoll sergeant (D:10)
  32 giant frogs
  2 wyvern zombies (D:13)
  61 killer bees
  3 scorpions
  22 wights
  6 jellies
  4 centaur zombies
  9 crimson imps
  A giant frog zombie (D:5)
  19 orc priests
  A quasit (D:8)
  11 hounds
  A yaktaur simulacrum (Vaults:1)
  6 electric eels
  4 giant frog skeletons
  21 worker ants
  6 centaur skeletons
  29 orc wizards
  Jessica (D:2)
  A gnoll shaman (D:4)
  12 iguanas
  9 sheep
  A big kobold zombie (Ossuary)
  2 worker ant zombies
  4 hound skeletons
  8 mummies (Ossuary)
  A gnoll (shapeshifter) (Vaults:4)
  17 gnolls
  77 river rats
  15 adders
  A shadow imp (D:6)
  2 oozes
  3 adder skeletons
  An adder zombie (D:6)
  3 worms
  11 giant geckos
  169 orcs
  8 bats
  6 giant cockroaches
  3 gnoll zombies
  5 goblins
  10 hobgoblins
  6 jackals
  4 quokkas
  A giant cockroach zombie (D:5)
  A giant gecko skeleton (D:8)
  9 giant newts
  2 hobgoblin zombies (Ossuary)
  A jackal skeleton (D:7)
  A jackal zombie (D:6)
  38 kobolds
  2 kobold zombies (Ossuary)
  2 orc zombies (Ossuary)
  12 rats
  A briar patch (Swamp:1)
  A fungus (Lair:8)
  3 plants
1879 creatures vanquished.

Vanquished Creatures (collateral kills)
  A fire giant (Vaults:4)
  A vault warden (Vaults:2)
  A stone giant (Vaults:2)
  A very ugly thing (Swamp:4)
  An ice dragon (D:14)
  2 naga warriors (Snake:2)
  A swamp dragon (Swamp:1)
  2 harpies
  A salamander (Snake:3)
  2 vault sentinels
  A black mamba (Snake:3)
  A giant leech (Swamp:1)
  A warg (Vaults:4)
  A swamp drake (Swamp:4)
  2 orcs (Vaults:4)
19 creatures vanquished.

Vanquished Creatures (others)
  Wiglaf (Snake:2)
  A vault guard (Vaults:3)
  A deep elf knight (Vaults:2)
  A deep elf conjurer (Vaults:1)
  A griffon (Vaults:4)
  A deep elf mage (Vaults:2)
  3 humans (Lair:5)
  2 nagas
  A giant frog (D:15)
  5 killer bees (D:13)
  An orc wizard (Orc:4)
  A briar patch (Swamp:1)
  85 fungi
  53 plants
157 creatures vanquished.

Grand Total: 2055 creatures vanquished

Notes
Turn   | Place    | Note
--------------------------------------------------------------
     0 | D:1      | Raurakos the High Elf Conjurer began the quest for the Orb.
     0 | D:1      | Reached XP level 1. HP: 11/11 MP: 4/4
   349 | D:1      | Reached XP level 2. HP: 17/17 MP: 0/6
   370 | D:1      | Reached skill level 5 in Conjurations
   764 | D:2      | Found a sacrificial altar of Ru.
  1075 | D:2      | Reached XP level 3. HP: 21/21 MP: 5/7
  1099 | D:2      | Learned a level 3 spell: Dazzling Spray
  1099 | D:2      | Noticed Jessica
  1430 | D:2      | Killed Jessica
  1430 | D:2      | Reached skill level 6 in Conjurations
  1497 | D:2      | Reached XP level 4. HP: 27/27 MP: 3/8
  1667 | D:2      | Found a white marble altar of Elyvilon.
  1960 | D:3      | Found a sparkling altar of Nemelex Xobeh.
  1979 | D:3      | Found a shimmering altar of Xom.
  2077 | D:3      | Noticed a phantom
  2224 | D:3      | Noticed Sigmund
  2614 | D:3      | Reached XP level 5. HP: 31/31 MP: 7/10
  2787 | D:3      | Found a faded altar to an unknown god.
  3020 | D:4      | Reached skill level 7 in Conjurations
  3053 | D:4      | Found a deep blue altar of Sif Muna.
  3216 | D:4      | Reached XP level 6. HP: 36/36 MP: 3/13
  3406 | D:4      | Found a sand-covered staircase.
  3423 | Ossuary  | Entered an ossuary
  3430 | Ossuary  | Learned a level 5 spell: Iskenderun's Battlesphere
  3933 | Ossuary  | Reached skill level 8 in Conjurations
  4273 | D:4      | Found a shattered altar of Ashenzari.
  4689 | D:4      | Reached skill level 1 in Charms
  4975 | D:4      | Reached XP level 7. HP: 22/41 MP: 0/14
  5526 | D:5      | Entered Level 5 of the Dungeon
  5840 | D:5      | Found a glowing drain.
  6059 | Sewer    | Entered a sewer
  6120 | Sewer    | Noticed Purgy
  6139 | Sewer    | Killed Purgy
  6139 | Sewer    | Reached skill level 9 in Conjurations
  6453 | Sewer    | Upgraded the game from 0.17.0-1-g61d176b to 0.17.0-7-gfadd4cc
  6482 | D:5      | Found an opulent altar of Gozag.
  7121 | D:5      | Reached skill level 5 in Charms
  7121 | D:5      | Reached XP level 8. HP: 46/46 MP: 8/15
  7341 | D:5      | Found a glowing golden altar of the Shining One.
  7365 | D:5      | Killed a phantom
  7539 | D:5      | Reached skill level 10 in Conjurations
  7547 | D:5      | Gained mutation: You are frail (-10% HP). [potion of mutation]
  7547 | D:5      | Gained mutation: Your flesh is heat resistant. [potion of mutation]
  7547 | D:5      | Gained mutation: Your flesh is very heat resistant. [potion of mutation]
  7851 | D:3      | Killed Sigmund
  7851 | D:3      | Reached skill level 11 in Conjurations
  8158 | D:6      | Found a staircase to the Ecumenical Temple.
  8167 | Temple   | Entered the Ecumenical Temple
  8173 | Temple   | Became a worshipper of Vehumet
  8334 | D:6      | Reached XP level 9. HP: 45/45 MP: 8/16
  8346 | D:6      | Found a sparkling altar of Nemelex Xobeh.
  8426 | D:6      | Found a snail-covered altar of Cheibriados.
  8475 | D:6      | Reached skill level 12 in Conjurations
  8481 | D:6      | Learned a level 4 spell: Iskenderun's Mystic Blast
  8602 | D:6      | Noticed Britaniac's ghost (novice NaFi)
  8635 | D:6      | Killed Britaniac's ghost
  8635 | D:6      | Reached skill level 5 in Spellcasting
  9366 | D:7      | Found Ujafax's Assorted Antiques.
  9395 | D:7      | Reached * piety under Vehumet
  9395 | D:7      | Offered knowledge of Freeze by Vehumet.
  9729 | D:7      | Found a basalt altar of Yredelemnul.
 10207 | D:8      | Reached skill level 13 in Conjurations
 10238 | D:8      | Found a white marble altar of Elyvilon.
 10238 | D:8      | Found a white marble altar of Elyvilon.
 10238 | D:8      | Noticed a yaktaur captain
 10565 | D:8      | Found a burning altar of Makhleb.
 10581 | D:8      | Got a bloodstained great mace
 10612 | D:8      | Reached XP level 10. HP: 50/50 MP: 14/22
 10734 | D:8      | Offered knowledge of Throw Flame by Vehumet.
 10744 | D:8      | Got an ancient ring mail
 10886 | D:8      | Reached ** piety under Vehumet
 10900 | D:7      | Identified the +1 ring mail "Ducaxt" {rElec Str+4 Dex-2} (You found it on level 8 of the Dungeon)
 10953 | D:8      | Reached skill level 1 in Armour
 11435 | D:9      | Found a staircase to the Orcish Mines.
 11447 | D:9      | Got a sapphire dagger
 11448 | D:9      | Identified the +9 dagger of Mourning {holy, -Tele *Confuse rN+++ Dex+4} (You found it on level 9 of the Dungeon)
 11590 | D:9      | Got a ring of the Octopus King
 11591 | D:9      | Identified a ring of the Octopus King {rN+ AC+1 EV+1 Str+1 Int+1 Dex+1} (You found it on level 9 of the Dungeon)
 11626 | D:9      | Reached skill level 14 in Conjurations
 12093 | D:9      | Offered knowledge of Throw Frost by Vehumet.
 12549 | Orc:1    | Entered Level 1 of the Orcish Mines
 12560 | D:9      | Reached skill level 5 in Armour
 12588 | D:10     | Entered Level 10 of the Dungeon
 12592 | D:10     | Reached *** piety under Vehumet
 12619 | D:10     | Got an ancient scale mail
 12630 | D:10     | Identified the +3 scale mail of Divine Intervention {rPois MR++} (You found it on level 10 of the Dungeon)
 12638 | D:10     | Learned a level 3 spell: Mephitic Cloud
 12747 | D:10     | Found a stormy altar of Qazlal.
 12827 | D:10     | Reached XP level 11. HP: 48/54 MP: 4/24
 13135 | D:10     | Offered knowledge of Olgreb's Toxic Radiance by Vehumet.
 13146 | D:10     | Found a staircase to the Lair.
 13296 | D:10     | Reached skill level 15 in Conjurations
 13727 | D:10     | Reached **** piety under Vehumet
 13820 | D:10     | Offered knowledge of Bolt of Magma by Vehumet.
 13827 | D:10     | Learned a level 5 spell: Bolt of Magma
 14113 | D:11     | Noticed Gastronok
 14239 | D:10     | Killed Gastronok
 14430 | D:11     | Noticed a hill giant
 14439 | D:11     | Killed a hill giant
 14471 | Lair:1   | Entered Level 1 of the Lair of Beasts
 14567 | Lair:1   | Reached skill level 16 in Conjurations
 15043 | Lair:1   | Noticed Fannar
 15055 | Lair:1   | Killed Fannar
 15055 | Lair:1   | Reached XP level 12. HP: 59/59 MP: 8/26
 15183 | Lair:2   | Reached ***** piety under Vehumet
 15195 | Lair:2   | Offered knowledge of Sticky Flame by Vehumet.
 15201 | Lair:2   | Learned a level 4 spell: Sticky Flame
 15217 | Lair:2   | Found a dark tunnel.
 15258 | Volcano  | Entered a volcano
 16125 | Lair:2   | Got a dazzling rapier
 16126 | Lair:2   | Identified the +3 rapier of Eternal Vigilance {pierce, *Confuse +Rage rElec Str+5} (You found it on level 2 of the Lair of Beasts)
 16354 | Lair:3   | Noticed Harold
 16533 | Lair:3   | Noticed Prince Ribbit
 16558 | Lair:3   | Killed Prince Ribbit
 16574 | Lair:3   | Reached skill level 10 in Spellcasting
 16664 | Lair:3   | Reached skill level 1 in Fire Magic
 16686 | Lair:3   | Reached skill level 17 in Conjurations
 16969 | Lair:3   | Killed Harold
 17769 | Lair:4   | Noticed Nergalle
 17952 | Lair:4   | Killed Nergalle
 18137 | Lair:4   | Noticed Josephine
 18159 | Lair:4   | Reached XP level 13. HP: 63/63 MP: 13/28
 18460 | Lair:4   | Killed Josephine
 18583 | Lair:4   | Offered knowledge of Bolt of Fire by Vehumet.
 18586 | Lair:4   | Noticed a seven-headed hydra
 18591 | Lair:4   | Learned a level 6 spell: Bolt of Fire
 18671 | Lair:4   | Reached skill level 5 in Dodging
 18871 | Lair:4   | Killed a seven-headed hydra
 18946 | Lair:4   | Noticed a six-headed hydra
 18951 | Lair:4   | Killed a six-headed hydra
 18951 | Lair:4   | Reached skill level 18 in Conjurations
 19394 | Lair:5   | Found a staircase to the Swamp.
 19394 | Lair:5   | Noticed Kirke
 19428 | Lair:4   | Killed Kirke
 20359 | Lair:6   | Found a staircase to the Snake Pit.
 20359 | Lair:6   | Found a shimmering altar of Xom.
 20872 | Lair:6   | Identified the Incunabulum of Destructive Clay
 22324 | Lair:7   | Reached skill level 19 in Conjurations
 22371 | Lair:7   | Reached XP level 14. HP: 68/68 MP: 20/29
 22648 | Lair:6   | Reached skill level 10 in Dodging
 23016 | Lair:7   | Offered knowledge of Lightning Bolt by Vehumet.
 23069 | Lair:7   | Reached skill level 1 in Fighting
 23884 | Lair:8   | Entered Level 8 of the Lair of Beasts
 24936 | Lair:8   | Reached skill level 5 in Fighting
 25434 | Lair:8   | Offered knowledge of Conjure Ball Lightning by Vehumet.
 25806 | Lair:8   | Reached skill level 1 in Air Magic
 26057 | Lair:1   | Learned a level 6 spell: Freezing Cloud
 27168 | D:11     | Noticed a skeletal warrior
 27194 | D:11     | Killed a skeletal warrior
 27525 | D:11     | Noticed a skeletal warrior
 27536 | D:11     | Killed a skeletal warrior
 27585 | D:11     | Noticed a skeletal warrior
 27601 | D:11     | Killed a skeletal warrior
 28669 | Orc:1    | Offered knowledge of Orb of Destruction by Vehumet.
 28707 | Orc:1    | Found Epifuana's Armour Shop.
 29092 | Orc:1    | Noticed an orc knight
 29115 | Orc:2    | Killed an orc knight
 29144 | Orc:1    | Reached skill level 5 in Air Magic
 29903 | Orc:3    | Reached skill level 1 in Ice Magic
 30177 | Orc:4    | Entered Level 4 of the Orcish Mines
 30181 | Orc:4    | Noticed Rupert
 30469 | Orc:4    | Found a staircase to the Elven Halls.
 30479 | Orc:4    | Reached XP level 15. HP: 89/89 MP: 21/32
 30531 | Orc:4    | Reached ****** piety under Vehumet
 30710 | Orc:4    | Killed Rupert
 31652 | Orc:4    | Offered knowledge of Spellforged Servitor by Vehumet.
 31981 | Orc:4    | Found Cuenerph's Book Emporium.
 31981 | Orc:4    | Found Feogohim's Assorted Antiques.
 31982 | Orc:4    | Found Ymytig's Assorted Antiques.
 31990 | Orc:4    | Found Acwuocs's Antique Weapon Shop.
 31993 | Orc:4    | Bought a book of Spatial Translocations for 910 gold pieces
 32013 | Orc:4    | Bought a brightly glowing sapphire amulet for 125 gold pieces
 32013 | Orc:4    | Bought a scroll of identify for 50 gold pieces
 32013 | Orc:4    | Identified the amulet "Hipecsul" {Faith Str+6} (You bought it in a shop on level 4 of the Orcish Mines)
 32225 | Lair:1   | Learned a level 7 spell: Spellforged Servitor
 32311 | Snake:1  | Entered Level 1 of the Snake Pit
 32854 | D:12     | Reached skill level 5 in Ice Magic
 33342 | D:12     | Found a sacrificial altar of Ru.
 34145 | D:13     | Offered knowledge of Delayed Fireball by Vehumet.
 34848 | D:13     | Lost mutation: You are frail (-10% HP). [potion of beneficial mutation]
 34883 | D:13     | Found Cesmek's Weapon Shop.
 34951 | D:13     | Bought a +2 lajatang of electrocution for 792 gold pieces
 35512 | D:14     | Found a labyrinth entrance.
 35530 | Lab      | Entered a labyrinth
 36144 | Lab      | Found an exit through the horrors of the Abyss.
 36219 | Lab      | Offered knowledge of Fire Storm by Vehumet.
 36219 | Lab      | Offered knowledge of Shatter by Vehumet.
 36219 | Lab      | Offered knowledge of Tornado by Vehumet.
 36660 | Lab      | Got a dazzling ring mail
 36660 | Lab      | Identified the Volume of Scorching Confrontation (You found it in a labyrinth)
 36682 | D:14     | Identified the cursed +0 ring mail of Cyithrack {Regen+ Int+3} (You found it in a labyrinth)
 37283 | D:13     | Reached skill level 15 in Spellcasting
 37891 | D:14     | Reached XP level 16. HP: 108/108 MP: 28/36
 37985 | D:14     | Found a gate to the Vaults.
 38178 | D:15     | Entered Level 15 of the Dungeon
 38224 | D:15     | Noticed Azrael
 38476 | D:14     | Upgraded the game from 0.17.0-7-gfadd4cc to 0.17.0-9-g801d43b
 38823 | D:15     | Killed Azrael
 39402 | D:15     | Found a staircase to the Depths.
 40064 | Snake:1  | Found Ryassyhi's Food Shoppe.
 40320 | Snake:1  | Noticed Aizul
 40326 | Snake:1  | Killed Aizul
 40326 | Snake:1  | Reached skill level 10 in Ice Magic
 40425 | Lair:6   | Reached skill level 1 in Summonings
 41097 | Snake:1  | Reached skill level 5 in Summonings
 41144 | Snake:1  | Reached skill level 1 in Staves
 41542 | Snake:1  | Upgraded the game from 0.17.0-9-g801d43b to 0.17.0-15-g6d90897
 41784 | Snake:2  | Found Feaqec's Armour Boutique.
 41819 | Snake:2  | Noticed Wiglaf
 41844 | Snake:2  | Killed Wiglaf
 41898 | Snake:2  | Reached skill level 5 in Staves
 41903 | Snake:2  | Got an ancient marble ring
 41904 | Snake:2  | Identified the ring of the Peasants {rN+ EV+1} (You found it on level 2 of the Snake Pit)
 42421 | Snake:2  | Reached XP level 17. HP: 68/112 MP: 16/37
 44438 | Snake:4  | Entered Level 4 of the Snake Pit
 44446 | Snake:4  | Found Uphinit's Weapon Shop.
 44538 | Snake:4  | Found Deugh's Antique Armour Shoppe.
 44541 | Snake:4  | Bought a dyed leather armour for 72 gold pieces
 44602 | Snake:4  | Found Utanlacom's Armour Shoppe.
 44610 | Snake:4  | Found Ceneix's Food Shoppe.
 44775 | Snake:4  | Reached skill level 10 in Staves
 46731 | Snake:4  | Got a serpentine rune of Zot
 47092 | Lair:1   | Learned a level 2 spell: Blink
 47094 | Lair:1   | Learned a level 1 spell: Apportation
 47205 | Swamp:1  | Entered Level 1 of the Swamp
 47538 | Swamp:1  | Reached XP level 18. HP: 43/118 MP: 5/38
 48402 | Swamp:2  | Identified a scroll of acquirement
 49801 | Swamp:3  | Noticed Louise
 49814 | Swamp:3  | Killed Louise
 50290 | Swamp:4  | Entered Level 4 of the Swamp
 50772 | Swamp:4  | Noticed Roxanne
 50907 | Swamp:4  | HP: 5/118 [cyan very ugly thing (20)]
 50909 | Swamp:4  | HP: 2/118 [cyan very ugly thing (19)]
 51863 | Swamp:4  | Got a decaying rune of Zot
 51884 | Swamp:4  | Reached skill level 10 in Air Magic
 52013 | Swamp:4  | Killed Roxanne
 52015 | Swamp:4  | Identified Roxanne's Disquisition on Changing and Clay (You took it off Roxanne on level 4 of the Swamp)
 52438 | Vaults:1 | Entered Level 1 of the Vaults
 52776 | Orc:4    | Bought a book of Battle for 560 gold pieces
 52781 | Orc:4    | Learned a level 3 spell: Regeneration
 52894 | Lair:1   | Learned a level 2 spell: Sublimation of Blood
 53142 | Vaults:1 | Reached skill level 1 in Necromancy
 53852 | Vaults:1 | Reached XP level 19. HP: 116/124 MP: 32/39
 53866 | Vaults:1 | Reached skill level 5 in Necromancy
 54013 | Vaults:1 | Learned a level 2 spell: Repel Missiles
 54854 | Vaults:2 | Noticed Frederick
 54872 | Vaults:2 | Killed Frederick
 55537 | Vaults:2 | Identified the Disquisition on Beguiling and Envenoming
 55758 | Vaults:2 | Reached skill level 10 in Necromancy
 56346 | Vaults:3 | Noticed Margery
 56366 | Vaults:3 | Killed Margery
 57021 | Vaults:3 | Reached XP level 20. HP: 92/129 MP: 29/40
 57059 | Vaults:3 | Found a staircase to the Crypt.
 57113 | Vaults:3 | Noticed Norris
 57150 | Vaults:3 | Killed Norris
 58175 | Vaults:3 | Noticed Sojobo
 58195 | Vaults:3 | Killed Sojobo
 58372 | Vaults:3 | Upgraded the game from 0.17.0-15-g6d90897 to 0.17.0-18-gaab0e96
 58812 | Vaults:4 | Noticed Boris
 58815 | Vaults:4 | Noticed Donald
 58824 | Vaults:4 | Killed Donald
 58837 | Vaults:4 | Killed Boris
 58881 | Vaults:4 | Noticed Xtahua
 58914 | Vaults:4 | Killed Xtahua
 59492 | Vaults:4 | Reached skill level 15 in Air Magic
 59767 | Vaults:4 | Found Veuz's Weapon Shoppe.
 59767 | Vaults:4 | Found Butadeasm's Book Shoppe.
 59768 | Vaults:4 | Found Neizuogh's Armour Shoppe.
 60357 | D:8      | Killed a yaktaur captain
 60377 | D:8      | Noticed a cyclops
 60415 | D:8      | Killed a cyclops
 60415 | D:8      | Reached XP level 21. HP: 130/135 MP: 35/44
 60751 | Depths:1 | Entered Level 1 of the Depths
 60751 | Depths:1 | Noticed Saint Roka
 60781 | Depths:1 | Noticed the Enchantress
 61237 | D:15     | Mangled by a spriggan defender

Action                   |  1- 3 |  4- 6 |  7- 9 | 10-12 | 13-15 | 16-18 | 19-21 || total
-------------------------+-------+-------+-------+-------+-------+-------+-------++-------
Melee: Short sword       |    18 |    45 |    32 |     3 |       |       |       ||    98
       Quarterstaff      |       |       |       |    15 |   204 |       |       ||   219
       Staff             |       |       |       |     2 |       |       |       ||     2
       Dagger            |       |       |       |       |    38 |       |       ||    38
       Lajatang          |       |       |       |       |    24 |   598 |   390 ||  1012
Throw: Stone             |       |    20 |       |     1 |       |       |       ||    21
 Cast: Magic Dart        |    62 |   200 |   283 |   533 |   742 |   346 |    44 ||  2210
       Dazzling Spray    |       |     5 |    10 |     9 |    51 |   255 |   274 ||   604
       Iskenderun's Batt |       |       |    36 |   100 |   180 |    90 |    41 ||   447
       Mephitic Cloud    |       |       |       |    17 |    32 |       |       ||    49
       Sticky Flame      |       |       |       |    22 |   147 |   155 |   126 ||   450
       Iskenderun's Myst |       |       |       |     2 |    65 |       |       ||    67
       Bolt of Magma     |       |       |       |       |   102 |    48 |     9 ||   159
       Bolt of Fire      |       |       |       |       |     9 |     5 |    56 ||    70
       Freezing Cloud    |       |       |       |       |    45 |   145 |   100 ||   290
       Spellforged Servi |       |       |       |       |       |     5 |    10 ||    15
       Sublimation of Bl |       |       |       |       |       |    10 |   156 ||   166
       Regeneration      |       |       |       |       |       |     3 |    80 ||    83
       Blink             |       |       |       |       |       |     1 |    22 ||    23
       Apportation       |       |       |       |       |       |     1 |       ||     1
       Repel Missiles    |       |       |       |       |       |       |     3 ||     3
Evoke: Phial of floods   |       |       |       |       |       |     1 |       ||     1
       Wand              |       |       |       |       |       |     5 |     5 ||    10
       Lamp of fire      |       |       |       |       |       |     1 |       ||     1
  Use: Potion            |       |     7 |     1 |     3 |     2 |     4 |       ||    17
       Scroll            |       |       |     9 |    14 |    14 |    20 |     9 ||    66
 Stab: Sleeping          |       |     1 |     4 |       |     1 |     2 |     2 ||    10
       Invisible         |       |     1 |     2 |       |       |    36 |    25 ||    64
       Confused          |       |       |       |       |     5 |       |       ||     5
  Eat: Chunk             |     2 |     8 |    26 |    42 |    86 |    59 |    49 ||   272
       Beef jerky        |       |     2 |     1 |       |     2 |     1 |       ||     6
       Pizza             |       |     1 |     1 |     1 |       |     3 |     1 ||     7
       Royal jelly       |       |       |       |     1 |     3 |     3 |       ||     7
       Bread ration      |       |       |       |       |     1 |     1 |       ||     2
       Meat ration       |       |       |       |       |     1 |     3 |     1 ||     5
